cohdb
Replays
Latest Replays
All Replays
Popular Replays
Top Player Replays
Match Explorer
How It Works
Community
CoH3 Stats
Reddit
Sign in to upload your games and track your stats! →
Sign in with Steam
Match 32830817
Unlisted
Match 32830817
Overview
Messages
Build Orders
End
Royal Engineer Section
Construct Section Command Post
Infantry Section
Dingo Light Scout Car
Infantry Section
Selects Indian Artillery Battlegroup
Selects Towed ML 4.2-inch Heavy Mortar
Towed ML 4.2-inch Heavy Mortar
Construct Field Infirmary
Construct Platoon Command Post
Selects War Cry
Selects Gurkha Rifles Section
Gurkha Rifles Section
6-pounder Anti-tank Gun Team
Selects Pillage
Construct Company Command Post
Unlock M3 Grant Medium Tanks
M3 Grant Medium Tank
Selects Off-map Airburst Barrage
Off-map Airburst Barrage
Foot Guards Section
M3 Grant Medium Tank
Off-map Airburst Barrage
6-pounder Anti-tank Gun Team
Foot Guards Section
War Cry
MaXiS
fary2
0
0
Comments
sign in to comment!
No comments posted yet!